 Dungeon Crawl Stone Soup version 0.28.0-45-g0d030f2227 (webtiles) character file.

Game seed: 10779348583392569235

82 protoss039 the Shield-Bearer (level 4, -1/29 HPs)
             Began as a Gargoyle Fighter on Apr 10, 2022.
             Slain by Duvessa
             ... wielding a +0 short sword
              (2 damage)
             ... on level 4 of the Dungeon.
             The game lasted 00:03:44 (2995 turns).

protoss039 the Shield-Bearer (Gargoyle Fighter)     Turns: 2995, Time: 00:03:45

Health: -1/29      AC: 16    Str: 21    XL:     4   Next: 43%
Magic:  4/4        EV:  5    Int:  9    God:
Gold:   150        SH:  4    Dex:  9    Spells: 3/3 levels left

rFire   . . .      SeeInvis .   a - +0 flail
rCold   . . .      Faith    .   c - +0 buckler
rNeg    + . .      Spirit   .   k - +0 plate armour
rPois   ∞          Reflect  .   (no helmet)
rElec   +          Harm     .   (no cloak)
rCorr   .          Rampage  .   (no gloves)
Will    .....                   h - +0 pair of boots
Stlth   ..........              (no amulet)
HPRegen 0.09/turn               (no ring)
MPRegen 0.09/turn               (no ring)

@: lit by a corona, glowing
A: sickness immunity, AC +3, negative energy resistance 1, electricity
resistance, torment resistance 1, petrification resistance
a: no special abilities


You were on level 4 of the Dungeon.
You visited 1 branch of the dungeon, and saw 4 of its levels.

You collected 150 gold pieces.

Inventory:

Hand Weapons
 a - a +0 flail (weapon)
Armour
 c - a +0 buckler (worn)
 h - a +0 pair of boots (worn)
 k - a +0 plate armour (worn)
Scrolls
 b - a scroll of magic mapping {unknown}
 e - a scroll of teleportation {unknown}
 f - a scroll of immolation {unknown}
 g - 2 scrolls of identify {unknown}
 l - a scroll of enchant weapon {unknown}
 n - a scroll of fear {unknown}
Potions
 d - a potion of might
 i - a potion of heal wounds {unknown}
 j - a potion of berserk rage {unknown}
 m - a potion of brilliance {unknown}


   Skills:
 + Level 3.9 Fighting
 * Level 2.9 Maces & Flails
 + Level 3.9 Armour
 + Level 4.0 Shields


You had 3 spell levels left.
You didn't know any spells.
Your spell library contained the following spells:

 Spells                   Type           Power      Damage    Failure   Level
 Magic Dart               Conj           0%         1d3       100%        1
 Call Imp                 Summ           0%         N/A       100%        2
 Inner Flame              Hex/Fire       0%         N/A       100%        3
 Mephitic Cloud           Conj/Pois/Air  0%         N/A       100%        3
 Cause Fear               Hex            0%         N/A       100%        4
 Discord                  Hex            0%         N/A       100%        8


Dungeon Overview and Level Annotations

Branches:
Dungeon (4/15)
 Temple: D:4-7

Altars:

Shops:
D:1 (   D:4 *

Annotations:
D:4 Dowan, Duvessa


Innate Abilities, Weirdness & Mutations

You are immune to sickness and miasma.
Your stone body is resilient. (AC +3)
You are immune to poison.
You resist negative energy. (rN+)
You are resistant to electric shocks. (rElec)
You are resistant to unholy torment.
You are immune to petrification.


Message History

You see here a quokka corpse.
There is a stone staircase leading down here.
You start resting.
HP restored.
Unknown command.
You climb downwards.
Level annotation: Dowan, Duvessa Duvessa hits you but does no damage.
Duvessa barely misses you.
There is a stone staircase leading up here.
You sock Duvessa!
Duvessa is lightly wounded.
Duvessa says, "Beauty is only skin deep, and my weapons penetrate much further than that."
Duvessa hits you but does no damage.
Unknown command.
You hit Duvessa.
Duvessa is moderately wounded.
Duvessa hits you but does no damage.
Unknown command.
You barely miss Duvessa.
Duvessa is moderately wounded.
Duvessa hits you with a +0 short sword. Dowan hits you but does no damage.
Duvessa completely misses you.
Unknown command.
You barely miss Duvessa.
Duvessa is moderately wounded.
Dowan hits you with a +0 dagger. Duvessa hits you with a +0 short sword.
Unknown command.
You hit Duvessa but do no damage.
Duvessa is moderately wounded.
Dowan casts a spell at you.
You are outlined in light.
Duvessa hits you with a +0 short sword. Dowan hits you but does no damage.
Duvessa hits you with a +0 short sword.
Unknown command.
Unknown command.
Unknown command.
Dowan points at you and mumbles some strange words.
The puff of frost hits you!
* * * LOW HITPOINT WARNING * * *
Duvessa hits you with a +0 short sword.
You die...

.. #.......#
. .
.##.......#
... ..
.........#
....#
##.#........#
#####
............#
#....Z......#
#<.e....#
#.@.#
.......e.#
..##.##..# ..
...# ## ....
.#.#.# .#....
#.###.##


You could see Duvessa, Dowan and a water moccasin skeleton.

Vanquished Creatures
  4 adders
  2 orcs (D:2)
  7 ball pythons
  4 endoplasms
  3 giant cockroaches
  3 goblins
  5 hobgoblins
  A quokka (D:3)
  4 bats
  5 frilled lizards
  6 kobolds
  2 rats
46 creatures vanquished.

Notes
Turn   | Place    | Note
-------+----------+-------------------------------------------
     0 | D:1      | protoss039 the Gargoyle Fighter began the quest for the
                  | Orb.
     0 | D:1      | Reached XP level 1. HP: 14/14 MP: 1/1
   312 | D:1      | Reached XP level 2. HP: 19/19 MP: 2/2
   759 | D:1      | Found Lureneor's Weapon Boutique.
  1415 | D:2      | Reached XP level 3. HP: 22/23 MP: 3/3
  2200 | D:3      | Reached XP level 4. HP: 29/29 MP: 4/4
  2653 | D:4      | Reached skill level 4 in Shields
  2674 | D:4      | Found Wones's General Store.
  2681 | D:4      | Noticed an ogre
  2720 | D:4      | Noticed Duvessa
  2720 | D:4      | Noticed Dowan
  2995 | D:4      | HP: 1/29 [Dowan/puff of frost (11)]
  2995 | D:4      | Slain by Duvessa

Illustrated notes

Levels and vault maps discovered:
D:1:      dpeg_arrival_castle, layout_loops_ring, serial_shops,
          nicolae_shop_advertising_works [nicolae_subvault_shop_adworks]
D:2:      layout_basic, corexii_hall_statues_x
D:3:      layout_loops_ring, minmay_fractal_squares_diagonal_5
D:4:      layout_loops_cross, serial_shops, shop, kennysheep_mini, shop,
          uniq_duvessa

Skill      XL: |  1  2  3  4 |
---------------+-------------+-----
Shields        | 4 |  4.0
Fighting       | |  3.9
Maces & Flails | |  2.9
Armour         | |  3.9

Action                   |  1- 3 |  4- 6 || total
-------------------------+-------+-------++-------
Melee: Flail             |   124 |    34 ||   158
  Use: Scroll            |       |     1 ||     1
Armor: Scale mail        |    41 |       ||    41
       Plate armour      |    67 |    29 ||    96
Dodge: Dodged            |    58 |    17 ||    75
Block: Buckler           |    33 |     7 ||    40
